 Dungeon Crawl Stone Soup version bcrawl-1.27.6 (webtiles) character file.

Game seed: 6760490196598047149

487556 Faustar the Destroyer (level 13, 0/82 HPs)
             Began as an Avariel Conjurer on Sept 29, 2020.
             Was a Priest of Sif Muna.
             Slain by an anaconda skeleton (11 damage)
             ... on level 3 of the Lair of Beasts.
             The game lasted 00:40:35 (11956 turns).

Faustar the Destroyer (Avariel Conjurer)           Turns: 11956, Time: 00:40:35

Health: 0/82       AC:  7    Str:  6    XL:     13   Next: 15%
Magic:  15/30      EV: 15    Int: 27    God:    Sif Muna [***...]
Gold:   1344       SH:  6    Dex: 17    Spells: 16/34 levels left

rFire    . . .     SeeInvis +   C - +7 dagger "Guanuuly" {vamp, Dex+4}
rCold    . . .     Gourm    .   (no shield)
rNeg     . . .     Faith    .   I - +0 troll leather armour
rPois    .         Spirit   .   K - +0 helmet
rElec    .         Reflect  +   P - +0 cloak
rCorr    .         Harm     .   k - +0 pair of gloves
MR       +....                  (no boots)
Stlth    ++........             d - +6 amulet of reflection
HPRegen  0.63/turn              w - ring of wizardry
MPRegen  0.22/turn              S - ring of see invisible

@: constricted, divine energy
A: able to fly
a: Fly, Stop Divine Energy, Channel Magic, Renounce Religion


You were on level 3 of the Lair of Beasts.
You worshipped Sif Muna.
Sif Muna was most pleased with you.
You were not hungry.

You visited 3 branches of the dungeon, and saw 13 of its levels.
You also visited: Ice Cave.

You collected 1344 gold pieces.

Inventory:

Hand Weapons
 t - a +3 dagger of venom
 C - the +7 dagger "Guanuuly" (weapon) {vamp, Dex+4}
   (You took it off a crimson imp on level 5 of the Dungeon)

   It inflicts no extra harm, but heals its wielder when it wounds a living foe.
   It affects your dexterity (+4).
Missiles
 F - a throwing net {=f}
Armour
 k - a +0 pair of gloves (worn)
 l - a scarf of stasis
 D - the +1 leather armour "Docwev" {rN+, unknown}
   (You found it on level 1 of the Lair of Beasts)

   It protects you from negative energy.
 I - a +0 troll leather armour (worn)
 K - a +0 helmet (worn)
 P - a +0 cloak (worn)
 V - +0 ice dragon scales
Magical Staves
 p - an uncursed staff of fire
Jewellery
 d - a +6 amulet of reflection (around neck)
 o - the ring of the Commoners {+Fly Dex+3}
   (You found it on level 9 of the Dungeon)

   [ring of flight]

   It affects your dexterity (+3).
   It lets you fly.
 r - an uncursed ring of protection from fire
 v - an uncursed amulet of the acrobat
 w - a ring of wizardry (left hand)
 M - an uncursed ring of protection from cold
 S - a ring of see invisible (right hand)
 U - the amulet "Kiniom" {Reflect Dex+2 SH+2}
   (You found it in an ice cave)

   [amulet of reflection]

   It shields you and reflects attacks.
   It affects your dexterity (+2).
   It affects your SH (+2).
 W - an uncursed ring of protection from fire
Wands
 a - a wand of polymorph (8)
 L - a wand of disintegration (41)
 O - a wand of paralysis (7)
 Q - a wand of clouds (7)
 X - a wand of digging (8)
 Z - a wand of iceblast (6)
Scrolls
 b - 7 scrolls of remove curse
 f - 4 scrolls of enchant weapon {unknown}
 g - a scroll of blinking
 i - 7 scrolls of enchant armour {unknown}
 j - 12 scrolls of teleportation
 n - 5 scrolls of identify
 s - a scroll of amnesia
 y - a scroll of immolation {unknown}
 G - a scroll of noise {unknown}
 N - a scroll of magic mapping {unknown}
Potions
 c - a potion of magic
 h - 2 potions of agility {unknown}
 m - 5 potions of curing
 q - a potion of invisibility {unknown}
 u - 2 potions of heal wounds
 x - a potion of cancellation {unknown}
 z - a potion of brilliance
 A - 2 potions of lignification
 B - a potion of haste
 E - 2 potions of might
 H - 5 potions of mutation
 J - 3 potions of berserk rage
 R - a potion of degeneration {unknown}
 Y - a potion of flight {unknown}
Comestibles
 e - 23 rations {!d}
 T - 5 chunks of flesh


   Skills:
 - Level 10.0 Fighting
 + Level 10.6 Dodging
 - Level 2.1 Stealth
 - Level 11.4 Spellcasting
 + Level 11.5 Conjurations
 - Level 6.0 Hexes
 - Level 7.0 Summonings
 + Level 6.3 Fire Magic
 - Level 7.0 Air Magic


You had 16 spell levels left.
You knew the following spells:

 Your Spells              Type           Power        Failure   Level  Hunger
a - Magic Dart            Conj           ####         1%          1    None
b - Searing Ray           Conj           ######..     1%          2    None
c - Fulminant Prism       Conj/Hex       ######....   1%          4    None
d - Slow                  Hex            #####...     1%          1    None
e - Summon Lightning Spi  Summ/Air       ######..     3%          5    ###....
f - Fireball              Conj/Fire      ######....   1%          5    ###....

Your spell library contained the following spells:

 Spells                   Type           Power        Failure   Level  Hunger
 Flame Tongue             Conj/Fire      #####        1%          1    None
 Summon Butterflies       Summ           ######..     1%          1    None
 Summon Small Mammal      Summ           ####         1%          1    None
 Call Imp                 Summ           ######       1%          2    None
 Flaming Arrows           Chrm/Fire      ####....     1%          2    None
 Call Canine Familiar     Summ           ######..     1%          3    None
 Conjure Flame            Conj/Fire      ######..     1%          3    None
 Dazzling Orbs            Conj/Hex       ######.      1%          3    None
 Inner Flame              Hex/Fire       N/A          1%          3    None
 Iskenderun's Mystic Bla  Conj           ######..     1%          3    None
 Tukima's Dance           Hex            #####...     1%          3    None
 Cause Fear               Hex            #####.....   1%          4    None
 Sticky Flame             Conj/Fire      ######..     1%          4    None
 Apportation              Tloc           ###...       2%          1    None
 Infusion                 Chrm           ###.....     2%          1    None
 Sandblast                Erth           ###...       2%          1    None
 Summon Ice Beast         Ice/Summ       ####....     6%          4    None
 Bolt of Magma            Conj/Fire/Erth #####.....   6%          5    ###....
 Irradiate                Conj/Tmut      #####.....   6%          5    ###....
 Bolt of Fire             Conj/Fire      ######....   9%          6    #####..
 Mana Rupture             Conj/Hex       ######....   45%         7    ######.
 Steam Barrier            Chrm/Fire      ####......   65%         6    #####..
 Ignition                 Fire           #####.....   100%        8    #######


Dungeon Overview and Level Annotations

Branches:
Dungeon (9/12)             Temple (1/1) D:6            Lair (3/6) D:9
  Snake (0/3) Lair:3
  Swamp: Lair:2-4    Shoals: Lair:2-4       Orc: D:8-11

Altars:
Ashenzari
Cheibriados
Dithmenos
Elyvilon
Fedhas
Gozag
Hepliaklqana
Kikubaaqudgha
Lugonu
Makhleb
Nemelex Xobeh
Okawaru
Qazlal
Ru
Sif Muna
Trog
Uskayaw
Vehumet
Wu Jian
Xom
Yredelemnul
Zin
The Shining One

Portals:
Gauntlet: Lair:3

Annotations:
D:8 3 runed translucent doors, Quickbrownfox's ghost, novice MiAc
Lair:1 exclusion: oklob plant


Innate Abilities, Weirdness & Mutations

You can fly continuously.


Message History

Casting: Searing Ray (safe; 1% risk of failure)
Confirm with . or Enter, or press ? or * to list all spells.
Aiming: Fulminant Prism (safe; 1% risk of failure)
Press: ? - help, Dir - move target cursor You conjure a prism of explosive energy!
The anaconda skeleton barely misses you.
* * * LOW HITPOINT WARNING * * *
The anaconda skeleton constricts you.
Casting: Fulminant Prism (safe; 1% risk of failure)
Confirm with . or Enter, or press ? or * to list all spells.
Aiming: Searing Ray (safe; 1% risk of failure)
Press: ? - help, Shift-Dir - straight line, f - anaconda skeleton
Aim: an anaconda skeleton (moderately damaged, constricting you)
The searing ray hits the anaconda skeleton!
The anaconda skeleton is moderately damaged. (Press . to maintain the ray.)
The anaconda skeleton bites you!
* * * LOW HITPOINT WARNING * * *
x2 The anaconda skeleton constricts you.
The anaconda skeleton bites you!
You die... ....#.8.# # 8Z8

# ....##..# #.#####H#
.......# #.......#
#..+.#.# ####.#### .
###.## # #####..# ##.
#.## #P.*..####### #.+#
#..# #...........# #...
##.P# #...†Z......#
###... #..###
#....@......#####.#...
#..#.#
#........)..P#....+...
#...##
#...............##....
##..##
##............######...
#.#.## #.#.^PP#..#..##
#... #....#
####...####### #...
#P÷### ##.#### ####.#
#..##### #....# #..#..
..##.#.# ##..## #.....


You could see an anaconda skeleton and a friendly fulminant prism.

Vanquished Creatures
  A sphinx (Lair:3)
  An ice dragon (IceCv)
  A hydra (Lair:2)
  Erica (D:9)
  A two-headed ogre (D:9)
  An anaconda skeleton (Lair:3)
  3 elephants
  Maurice (D:8)
  A centaur zombie (D:7)
  2 ice statues (IceCv)
  2 rime drakes (IceCv)
  4 cane toads
  A gargoyle (D:8)
  3 komodo dragons
  2 trolls
  7 hippogriffs
  30 yaks
  2 wyverns (D:8)
  A human (D:7)
  A basilisk (Lair:1)
  A steam dragon (D:7)
  3 hogs (D:7)
  2 hungry ghosts (D:9)
  Menkaure (D:4)
  7 crocodiles
  3 water moccasins
  3 porcupines
  An orc warrior (D:8)
  24 ice beasts
  A phantom (D:9)
  A black bear (D:7)
  6 ogres
  2 centaurs
  4 bullfrogs
  Blork the orc (D:5)
  2 big kobolds
  A gnoll sergeant (D:8)
  A wyvern skeleton (D:9)
  2 scorpions (D:4)
  4 killer bees (D:7)
  6 howler monkeys
  A bullfrog zombie (D:8)
  7 crimson imps
  A quasit (D:7)
  7 hounds
  4 jellies (D:8)
  2 orc priests
  A centaur skeleton (D:4)
  3 iguanas
  Jessica (D:3)
  7 orc wizards
  10 worker ants
  A howler monkey zombie (D:8)
  A mummy (D:9)
  11 gnolls
  11 adders
  An ooze (D:8)
  An adder zombie (D:9)
  7 worms
  5 dart slugs
  2 leopard geckos
  17 orcs
  5 bats
  4 giant cockroaches
  7 goblins
  8 hobgoblins
  10 jackals
  16 kobolds
  3 quokkas
  2 ball pythons
  6 frilled lizards
  9 rats
  A fungus (Lair:3)
  14 plants (D:9)
328 creatures vanquished.

Vanquished Creatures (collateral kills)
  An ice dragon (IceCv)
1 creature vanquished.

Vanquished Creatures (others)
  63 fulminant prisms
  6 plants (D:9)
69 creatures vanquished.

Grand Total: 398 creatures vanquished

Notes
Turn   | Place    | Note
-------+----------+-------------------------------------------
     0 | D:1      | Faustar the Avariel Conjurer began the quest for the Orb.
     0 | D:1      | Reached XP level 1. HP: 10/10 MP: 6/6
   481 | D:1      | Reached XP level 2. HP: 15/15 MP: 4/8
   485 | D:1      | Learned a level 2 spell: Searing Ray
   739 | D:2      | Found a blossoming altar of Fedhas.
   890 | D:2      | Reached XP level 3. HP: 19/19 MP: 5/10
  1178 | D:2      | Found a white marble altar of Elyvilon.
  1453 | D:3      | Reached XP level 4. HP: 13/24 MP: 0/12
  1526 | D:3      | Learned a level 4 spell: Fulminant Prism
  1528 | D:3      | Learned a level 1 spell: Slow
  1787 | D:3      | Found a shimmering altar of Xom.
  1811 | D:3      | Reached XP level 5. HP: 25/28 MP: 10/14
  1831 | D:3      | Noticed Jessica
  1837 | D:3      | Killed Jessica
  1837 | D:3      | Reached skill level 5 in Spellcasting
  2620 | D:2      | Found a burning altar of Makhleb.
  2626 | D:2      | Reached XP level 6. HP: 32/32 MP: 3/16
  2867 | D:4      | Noticed Menkaure
  2870 | D:4      | Killed Menkaure
  2870 | D:4      | Reached XP level 7. HP: 36/36 MP: 13/18
  3002 | D:4      | Found a sacrificial altar of Ru.
  3102 | D:4      | Identified the ring "Onae" {+Fly Stlth+}
  3604 | D:5      | Entered Level 5 of the Dungeon
  3624 | D:5      | Reached XP level 8. HP: 41/41 MP: 15/20
  3809 | D:5      | Noticed Blork the orc
  3815 | D:5      | Killed Blork the orc
  3826 | D:5      | Identified the +7 dagger "Guanuuly" {vamp, Dex+4}
  3900 | D:5      | Found a bloodstained altar of Trog.
  4464 | D:6      | Reached skill level 10 in Conjurations
  4471 | D:6      | Found a staircase to the Ecumenical Temple.
  4486 | Temple   | Entered the Ecumenical Temple
  4682 | Temple   | Became a worshipper of Sif Muna the Loreminder
  4713 | D:6      | Noticed a troll
  4719 | D:6      | Killed a troll
  4719 | D:6      | Reached skill level 5 in Hexes
  4847 | D:6      | Reached * piety under Sif Muna
  4895 | D:6      | Gained mutation: You can fly continuously. [Avariel growth]
  4895 | D:6      | Reached XP level 9. HP: 29/45 MP: 18/23
  4903 | D:6      | Learned a level 5 spell: Summon Lightning Spire
  5004 | D:6      | Identified Egeex's Handbook of Blistering Curses (Sif Muna
                  | gifted it to you on level 6 of the Dungeon)
  5004 | D:6      | Received a gift from Sif Muna
  5013 | D:6      | Learned a level 5 spell: Fireball
  5301 | D:7      | Reached skill level 1 in Summonings
  5301 | D:7      | Reached skill level 1 in Fire Magic
  5301 | D:7      | Reached skill level 1 in Air Magic
  6234 | D:7      | Reached skill level 10 in Spellcasting
  6288 | D:7      | Reached XP level 10. HP: 50/50 MP: 21/26
  6291 | D:7      | Reached skill level 5 in Air Magic
  6301 | D:7      | Reached ** piety under Sif Muna
  6301 | D:7      | Reached skill level 5 in Summonings
  6409 | D:8      | Found a sparkling altar of Nemelex Xobeh.
  6476 | D:8      | Reached skill level 5 in Fire Magic
  6666 | D:8      | Received a gift from Sif Muna
  6838 | D:8      | Reached skill level 1 in Fighting
  6914 | D:8      | Found a runed translucent gate.
  6915 | D:8      | Found a runed translucent gate.
  6915 | D:8      | Found a runed translucent gate.
  6986 | D:8      | Noticed a gargoyle
  6992 | D:8      | Killed a gargoyle
  7031 | D:8      | Noticed Quickbrownfox's ghost (novice MiAc)
  7162 | D:8      | Found a sparkling altar of Nemelex Xobeh.
  7221 | D:8      | Noticed Maurice
  7231 | D:8      | Killed Maurice
  7231 | D:8      | Reached skill level 5 in Dodging
  7431 | D:8      | Reached XP level 11. HP: 41/61 MP: 22/28
  7702 | D:9      | Noticed a two-headed ogre
  7710 | D:9      | Killed a two-headed ogre
  7826 | D:9      | Found a snail-covered altar of Cheibriados.
  7952 | D:9      | Got an ancient bronze ring
  8029 | D:9      | Identified the ring of the Commoners {+Fly Dex+3} (You
                  | found it on level 9 of the Dungeon)
  8044 | D:9      | Reached skill level 5 in Fighting
  8138 | D:9      | Noticed Erica
  8148 | D:9      | Killed Erica
  8250 | D:9      | Found a stormy altar of Qazlal.
  8288 | D:9      | Found an ornate altar of the Wu Jian Council.
  8289 | D:9      | Found an opulent altar of Gozag.
  8321 | D:9      | Found a staircase to the Lair.
  8771 | Lair:1   | Entered Level 1 of the Lair of Beasts
  8782 | Lair:1   | Noticed an oklob plant
  8784 | Lair:1   | Got an encrusted leather armour
  9602 | Lair:1   | Reached XP level 12. HP: 72/72 MP: 21/29
  9902 | Lair:2   | Found a frozen archway.
 10081 | IceCv    | Entered an ice cave
 10097 | IceCv    | Reached *** piety under Sif Muna
 10100 | IceCv    | Received a gift from Sif Muna
 10114 | IceCv    | Reached skill level 10 in Dodging
 10477 | IceCv    | Noticed an ice dragon
 10477 | IceCv    | Noticed an ice dragon
 10481 | IceCv    | Killed an ice dragon
 10483 | IceCv    | Killed an ice dragon
 10549 | IceCv    | Got a glittering platinum ring
 10551 | IceCv    | Got a slimy crystal amulet
 10554 | IceCv    | Identified the amulet "Kiniom" {Reflect Dex+2 SH+2} (You
                  | found it in an ice cave)
 10560 | IceCv    | Identified the cursed ring of Compulsion {Int+3 Stlth--}
                  | (You found it in an ice cave)
 11304 | Lair:2   | Noticed an eight-headed hydra
 11309 | Lair:2   | Killed an eight-headed hydra
 11309 | Lair:2   | Reached skill level 10 in Fighting
 11634 | Lair:3   | Reached XP level 13. HP: 57/82 MP: 5/30
 11726 | Lair:3   | Found a gate leading to a gauntlet.
 11937 | Lair:3   | Found a staircase to the Snake Pit.
 11937 | Lair:3   | Noticed a sphinx
 11954 | Lair:3   | Killed a sphinx
 11956 | Lair:3   | Slain by an anaconda skeleton

Skill      XL: |  1  2  3  4  5  6  7  8  9 10 11 12 13 |
---------------+----------------------------------------+-----
Spellcasting   | 3 4 5 6 7 8 10 11 | 11.4
Conjurations   | 6 7 8 9 10 11 | 11.5
Hexes          | 2 4 5 6 |  6.0
Summonings     | 4 5 7 |  7.0
Fire Magic     | 3 5 6 |  6.3
Air Magic      | 4 5 7 |  7.0
Fighting       | 4 7 10 | 10.0
Dodging        | 5 9 10 | 10.6
Stealth        | |  2.1

Action                   |  1- 3 |  4- 6 |  7- 9 | 10-12 | 13-15 || total
-------------------------+-------+-------+-------+-------+-------++-------
Melee: Unarmed           |    12 |     4 |       |       |       ||    16
       Dagger            |       |    14 |    17 |    22 |       ||    53
 Cast: Magic Dart        |    79 |    42 |    73 |    94 |     5 ||   293
       Searing Ray       |     3 |    16 |    35 |    88 |     5 ||   147
       Fulminant Prism   |       |     2 |    14 |    46 |     2 ||    64
       Fireball          |       |       |       |    27 |     1 ||    28
       Slow              |       |       |       |     3 |       ||     3
       Summon Lightning  |       |       |       |     1 |       ||     1
Invok: Divine Energy     |       |       |     1 |       |       ||     1
  Use: Scroll            |       |       |       |    12 |       ||    12
       Potion            |       |       |       |     1 |       ||     1
 Stab: Sleeping          |       |     1 |     1 |     1 |       ||     3
       Distracted        |       |     1 |       |       |       ||     1
  Eat: Chunk             |     3 |     7 |    12 |    21 |     3 ||    46
       Ration            |       |       |     2 |     1 |       ||     3
Armor: Robe              |     2 |     4 |     2 |       |       ||     8
       Troll leather arm |       |       |     8 |    20 |     6 ||    34
Dodge: Dodged            |    11 |    11 |    28 |   115 |    20 ||   185
Block: Other             |       |       |    19 |    42 |     2 ||    63
       Reflection        |       |       |     4 |     1 |       ||     5
